 Dungeon Crawl Stone Soup version 0.30-a0-177-g1cb5dbfd7a (webtiles) character file.

Game seed: 8988300928627940960

2557 mistaj the Grappler (level 9, -2/86 HPs)
             Began as a Troll Monk on Oct 2, 2022.
             Was an Elder of Hepliaklqana.
             Slain by a wyvern (13 damage)
             ... on level 7 of the Dungeon.
             The game lasted 00:12:50 (6203 turns).

mistaj the Grappler (Troll Monk)                    Turns: 6203, Time: 00:12:50

Health: -2/86      AC:  4    Str: 23    XL:     9   Next: 31%
Magic:  8/8        EV: 10    Int:  8    God:    Hepliaklqana [****..]
Gold:   343        SH:  5    Dex: 12    Spells: 8/8 levels left

rFire   + . .      SeeInvis .      - Unarmed
rCold   . . .      Faith    .    (no shield)
rNeg    . . .      Spirit   .    a - +0 robe
rPois   .          Reflect  +    (helmet restricted)
rElec   .          Harm     .    (no cloak)
rCorr   .          Rampage  .    (gloves unavailable)
Will    .....                    (boots unavailable)
Stlth   ++........               v - amulet of reflection
HPRegen 1.14/turn                j - +4 ring of slaying
MPRegen 0.11/turn                B - ring of protection from fire

@: lethally poisoned (-2 -> -3)
A: reduced essence, large, unfitting armour, claws 3, regeneration 1, shaggy fur
1, tough skin 1
a: Renounce Religion, Recall Ancestor, Ancestor Identity, Transference, Idealise


You were on level 7 of the Dungeon.
You worshipped Hepliaklqana.
Hepliaklqana was greatly pleased with you.
You visited 1 branch of the dungeon, and saw 8 of its levels.

You collected 343 gold pieces.

Inventory:

Hand Weapons
 c - a +0 battleaxe
 r - a +2 flail of protection
 G - a +4 vorpal dire flail
 I - a +3 antimagic dagger
Missiles
 t - 17 poisoned darts (quivered)
Armour
 a - a +0 robe (worn)
Jewellery
 j - a +4 ring of slaying (left claw)
 v - an amulet of reflection (around neck)
 B - a ring of protection from fire (right claw)
 E - a ring of poison resistance
Wands
 m - a wand of flame (21)
 q - a wand of polymorph (6)
Scrolls
 d - a scroll of silence {unknown}
 f - 2 scrolls of teleportation
 g - 4 scrolls of enchant weapon {unknown}
 h - a scroll of blinking {unknown}
 l - 2 scrolls of immolation {unknown}
 n - 3 scrolls of poison {unknown}
 u - a scroll of fog {unknown}
 y - a scroll of enchant armour {unknown}
 F - 2 scrolls of noise {unknown}
 H - a scroll of amnesia {unknown}
Potions
 b - a potion of ambrosia
 e - a potion of haste
 i - a potion of attraction
 k - a potion of lignification
 o - 5 potions of curing
 p - 3 potions of heal wounds
 s - a potion of magic
 x - 2 potions of mutation
 z - a potion of might
 C - a potion of berserk rage
 D - 2 potions of brilliance


   Skills:
 + Level 7.8 Fighting
 - Level 2.0 Maces & Flails
 - Level 2.4 Dodging
 - Level 1.0 Stealth
 + Level 9.3 Unarmed Combat


You had 8 spell levels left.
You didn't know any spells.
Your spell library contained the following spells:

 Spells                   Type           Power      Damage    Failure   Level
 Freeze                   Ice            0%         1d3       41%         1
 Magic Dart               Conj           0%         1d3       41%         1
 Sting                    Tmut/Pois      0%         1d3       41%         1
 Summon Small Mammal      Summ           0%         N/A       41%         1
 Poisonous Vapours        Pois/Air       0%         N/A       54%         2
 Frozen Ramparts          Ice            0%         1d1       78%         3
 Gell's Gravitas          Tloc           0%         N/A       78%         3
 Hailstorm                Conj/Ice       0%         3d3       78%         3
 Portal Projectile        Hex/Tloc       0%         N/A       78%         3
 Teleport Other           Tloc           0%         N/A       78%         3
 Tukima's Dance           Hex            0%         N/A       78%         3
 Olgreb's Toxic Radiance  Pois           0%         N/A       99%         4
 Blade Hands              Tmut           0%         N/A       100%        5
 Dispersal                Tloc           0%         N/A       100%        6


Dungeon Overview and Level Annotations

Branches:
Dungeon (8/15)             Temple (0/1) D:4
   Lair: D:8-11

Altars:
Cheibriados
Hepliaklqana
Sif Muna
Trog

Shops:
D:4 =

Annotations:
D:3 3 runed translucent doors, blackman's ghost, amateur HuWn


Innate Abilities, Weirdness & Mutations

Your life essence is reduced to manifest your ancestor. (-10% HP)
You are too large for most types of armour.
You have claws for hands.
Your natural rate of healing is unusually fast.
You are covered in fur. (AC +1)
You have tough skin. (AC +1)


Message History

You climb upwards.
There is a stone staircase leading down here.
The water moccasin bites you.
You are poisoned.
The water moccasin poisons you!
The wyvern bites you but does no damage.
The black bear bites you. The black bear claws you.
The black bear barely misses you.
You see here a wolf skeleton.
You feel very sick.
The black bear bites you but does no damage.
The black bear closely misses you.
The black bear claws you but does no damage.
You block the water moccasin's attack.
You feel very sick.
You claw the water moccasin!
The water moccasin is severely wounded.
You feel sick. The water moccasin bites you.
You are more poisoned.
The water moccasin poisons you!
You mangle the water moccasin!!
You kill the water moccasin!
You feel very sick.
You closely miss the wyvern.
You feel sick. The wyvern bites you!
You mangle the wyvern!! Your claw misses the wyvern.
The wyvern is severely wounded.
You feel sick. The wyvern bites you!
* * * LOW HITPOINT WARNING * * *
The wyvern closely misses you.
You scratch the wyvern.
The wyvern is severely wounded.
You feel sick. You block the wyvern's attack.
You scratch the wyvern but do no damage.
The wyvern is severely wounded.
You feel sick. The wyvern bites you!
* * * LOW HITPOINT WARNING * * *
You closely miss the wyvern.
The wyvern is severely wounded.
You feel sick. The wyvern bites you!
You die...

.......##..#....#.#####...##.....
######.##..#..#...# #.####.....
#.....#.##.#.# ##.####.....
####..#.##.#.# #...........
#))#.##.#.# #.#####.....
###))#.##.#.####.# ###'#... ##
#....#.##.#..##..# #......# .#
#.#.......##....## #......# .#
#.#.......@lh>### #......# .#
#.#..#...###### ###'#...
.######.#..##### #.###.
...)..........# ### #.
..#####.#...### ######.
..#...#.#...# #......
......#.#...# #......
......#.#...# #......
........####### #......


You could see a black bear and a wyvern.

Vanquished Creatures
  Eustachio (D:5)
  Edmund (D:5)
  2 water moccasins (D:7)
  Duvessa (D:6)
  2 orc warriors (D:7)
  A sky beast (D:7)
  An ice beast (D:5)
  A black bear (D:4)
  A wolf (D:7)
  A centaur (D:5)
  A phantom (D:7)
  A necrophage (D:4)
  A scorpion (D:7)
  Dowan (D:6)
  A hound (D:5)
  4 orc priests
  An iguana (D:5)
  Ijyb (D:3)
  7 gnolls
  A hexer (D:7)
  9 adders
  A shadow imp (D:7)
  A white imp (D:7)
  2 ufetubi
  2 worms
  6 dart slugs
  19 orcs
  3 bats
  4 endoplasms
  5 giant cockroaches
  7 goblins
  4 hobgoblins
  5 jackals
  7 quokkas
  7 ball pythons
  6 frilled lizards
  6 kobolds
  6 rats
131 creatures vanquished.

Vanquished Creatures (collateral kills)
  A wyvern (D:8)
  2 sky beasts
  A kobold brigand (D:6)
  3 scorpions (D:5)
  Terence (D:3)
  An ufetubus (D:5)
  4 orcs
  2 hobgoblins
  A kobold (D:3)
  A frilled lizard (D:3)
17 creatures vanquished.

Vanquished Creatures (others)
  2 hexers
  A fungus (D:8)
  2 plants (D:8)
5 creatures vanquished.

Grand Total: 153 creatures vanquished

Notes
Turn   | Place    | Note
-------+----------+-------------------------------------------
     0 | D:1      | mistaj the Troll Monk began the quest for the Orb.
     0 | D:1      | Reached XP level 1. HP: 22/22 MP: 0/0
    97 | D:1      | Reached XP level 2. HP: 29/29 MP: 1/1
   109 | D:1      | Found a faded altar of an unknown god.
   549 | D:1      | Reached XP level 3. HP: 37/37 MP: 2/2
   784 | D:2      | Found a hazy altar of Hepliaklqana.
   800 | D:2      | Became a worshipper of Hepliaklqana the Forgotten
   800 | D:2      | Reached * piety under Hepliaklqana
   800 | D:2      | Reached ** piety under Hepliaklqana
   801 | D:2      | Remembered your ancestor Ishtar-belessa as a hexer
   845 | D:2      | Reached skill level 4 in Unarmed Combat
  1001 | D:2      | Reached XP level 4. HP: 40/40 MP: 3/3
  1638 | D:3      | Found a snail-covered altar of Cheibriados.
  1766 | D:3      | Noticed Ijyb
  1772 | D:3      | Killed Ijyb
  1882 | D:3      | Found a runed translucent gate.
  1882 | D:3      | Found a runed translucent gate.
  1888 | D:3      | Found a runed translucent gate.
  1888 | D:3      | Noticed blackman's ghost (amateur HuWn)
  1888 | D:3      | Noticed a bullfrog
  1913 | D:3      | Reached XP level 5. HP: 48/48 MP: 4/4
  2025 | D:3      | Noticed Terence
  2036 | D:3      | Killed Terence
  2789 | D:4      | Noticed a black bear
  2797 | D:4      | Reached skill level 5 in Unarmed Combat
  2801 | D:4      | Killed a black bear
  2802 | D:4      | Reached XP level 6. HP: 38/56 MP: 5/5
  2933 | D:4      | Found a staircase to the Ecumenical Temple.
  3111 | D:4      | Found Ipnafeud's One-of-a-Kind Rings.
  3166 | D:4      | Reached *** piety under Hepliaklqana
  3544 | D:5      | Entered Level 5 of the Dungeon
  3549 | D:5      | Reached skill level 1 in Maces & Flails
  3717 | D:5      | Reached XP level 7. HP: 55/63 MP: 6/6
  3801 | D:5      | Reached skill level 5 in Fighting
  3801 | D:5      | Reached skill level 6 in Unarmed Combat
  3987 | D:5      | Noticed Edmund
  3996 | D:5      | Killed Edmund
  3997 | D:5      | Reached skill level 7 in Unarmed Combat
  3997 | D:5      | Reached XP level 8. HP: 64/74 MP: 7/7
  4072 | D:5      | Noticed Eustachio
  4086 | D:5      | Killed Eustachio
  4426 | D:6      | Reached **** piety under Hepliaklqana
  4786 | D:6      | Noticed Dowan
  4787 | D:6      | Found a shimmering blue altar of Sif Muna.
  4796 | D:6      | Killed Dowan
  4799 | D:6      | Noticed Duvessa
  4802 | D:6      | Got Sif Muna's Parchment of Combative Formation
  4808 | D:6      | HP: 2/74 [Duvessa/+0 vorpal long sword (5)]
  4816 | D:6      | HP: 3/74 [Duvessa/+0 vorpal long sword (1)]
  4958 | D:6      | Found a bloodstained altar of Trog.
  4964 | D:6      | Killed Duvessa
  5274 | D:7      | Reached skill level 8 in Unarmed Combat
  5575 | D:7      | Reached XP level 9. HP: 72/83 MP: 8/8
  5947 | D:8      | Reached skill level 9 in Unarmed Combat
  6203 | D:7      | Slain by a wyvern

Illustrated notes

Levels and vault maps discovered:
D:1:      erik_arrival_triangle_medium, layout_loops_cross,
          ebering_ecumenical_altar_mist
D:2:      layout_basic, basic_altar, hex_medium, grunt_ministairs_9,
          chequers_serial_rivers_large_b, roderic_lattice_a, kennysheep_potato
D:3:      layout_loops_corners, nicolae_overflow_crystal_walls,
          gammafunk_ghost_split, uniq_ijyb, uniq_terence
D:4:      layout_gridville, temple_pool_b, minmay_misc_feat_roman,
          nicolae_shop_unique_rings
D:5:      layout_cave_pods, skrybe_limestone_x, uniq_eustachio, uniq_edmund
D:6:      layout_rooms, nzn_overflow_gifts_of_might_and_magic, minmay_holes
D:7:      layout_basic
D:8:      layout_gridville, grunt_temple_overflow_open, minmay_lair_entry_grove,
          uniq_grum

Skill      XL: |  1  2  3  4  5  6  7  8  9 |
---------------+----------------------------+-----
Fighting       | 3 4 5 7 |  7.8
Unarmed Combat | 4 5 7 8 9 |  9.3
Maces & Flails | 1 2 |  2.0
Dodging        | |  2.4
Stealth        | |  1.0

Action                   |  1- 3 |  4- 6 |  7- 9 || total
-------------------------+-------+-------+-------++-------
Melee: Unarmed           |    83 |   109 |   145 ||   337
       Punch             |     1 |     4 |     6 ||    11
Invok: Ancestor Life: He |     1 |       |       ||     1
  Use: Scroll            |       |     5 |     8 ||    13
 Stab: Sleeping          |     7 |     5 |     1 ||    13
       Confused          |       |     6 |     2 ||     8
       Distracted        |       |       |     2 ||     2
Armor: Robe              |    22 |    18 |    32 ||    72
Dodge: Dodged            |    36 |    45 |    42 ||   123
Block: Other             |       |     9 |    33 ||    42
       Reflection        |       |       |     1 ||     1

Table legend: (Time is in decaauts)
 A = Elapsed time spent in this place.
 B = Non-inter-level travel time spent in this place.
 C = Inter-level travel time spent in this place.
 D = Time resting spent in this place.
 E = Time spent auto-exploring this place.
 F = Levels seen in this place.
 G = Mean time per level.
                   A        B        C        D        E       F      G
               +--------+--------+--------+--------+--------+-----+--------+
         Total |   6196 |   6055 |    141 |    919 |   3728 |   8 |  774.5 |
       Dungeon |   6196 |   6055 |    141 |    919 |   3728 |   8 |  774.5 |
               +--------+--------+--------+--------+--------+-----+--------+

Top non-repeatable levels by time:
     D:3: 1203 daAuts
     D:6: 939 daAuts
     D:2: 853 daAuts
     D:5: 848 daAuts
     D:7: 838 daAuts
     D:4: 769 daAuts
     D:1: 730 daAuts
     D:8: 11 daAuts
